 Dungeon Crawl Stone Soup version 0.19.1-1-g22dce08 (webtiles) character file.

13 McKennaii the Magician (level 2, 0/17 HPs)
             Began as a High Elf Wizard on Jan 4, 2017.
             Killed from afar by Natasha (5 damage)
             ... with a magic dart
             ... on level 2 of the Dungeon.
             The game lasted 00:05:04 (626 turns).

McKennaii the Magician (High Elf Wizard)             Turns: 626, Time: 00:05:04

Health: 0/17       AC:  2    Str:  6    XL:     2   Next: 24%
Magic:  2/8        EV: 12    Int: 21    God:
Gold:   31         SH:  0    Dex: 13    Spells: 4 memorised, 2 levels left

rFire  . . .     SeeInvis .     (no weapon)
rCold  . . .     Gourm    .     a - +0 robe
rNeg   . . .     Faith    .     (no shield)
rPois  .         Spirit   .     b - +0 hat
rElec  .         Reflect  .     (no cloak)
rCorr  .         Harm     .     (no gloves)
MR     .....                    (no boots)
Stlth  ++........               (no amulet)
                                (no ring)
                                (no ring)

@: no status effects
A: no striking features
a: no special abilities


You were on level 2 of the Dungeon.
You were not hungry.

You visited 1 branch of the dungeon, and saw 2 of its levels.

You collected 31 gold pieces.

Inventory:

Hand Weapons
 e - a +2 antimagic spear
Armour
 a - a +0 robe (worn)
 b - a +0 hat (worn)
Scrolls
 g - a scroll of identify {unknown}
 i - a scroll of enchant armour {unknown}
 j - a scroll of recharging {unknown}
 k - a scroll of remove curse {unknown}
 n - 3 scrolls of immolation {unknown}
Potions
 h - a potion of heal wounds {unknown}
 l - a potion of lignification {unknown}
 m - 2 potions of flight {unknown}
Books
 c - a book of Minor Magic

   Spells                             Type                      Level
   a - Magic Dart                     Conjuration                  1
   b - Blink                          Translocation                2
   c - Call Imp                       Summoning                    2
   d - Repel Missiles                 Charms/Air                   2
   e - Slow                           Hexes                        2
   f - Conjure Flame                  Conjuration/Fire             3
   g - Mephitic Cloud                 Conjuration/Poison/Air       3
Comestibles
 d - 2 bread rations
 f - a meat ration


   Skills:
 + Level 2.2 Dodging
 + Level 2.3 Stealth
 + Level 4.2 Spellcasting
 + Level 1.1 Conjurations
 + Level 0.8 Summonings
 + Level 1.1 Translocations


You had 2 spell levels left.
You knew the following spells:

 Your Spells              Type           Power        Failure   Level  Hunger
a - Magic Dart            Conj           #...         10%         1    None
b - Call Imp              Summ           #.......     14%         2    #......
c - Slow                  Hex            #.......     17%         2    #......
d - Blink                 Tloc           N/A          12%         2    #......


Dungeon Overview and Level Annotations

Branches:
Dungeon (2/15)

Altars:

Annotations:
D:2 Natasha


Message History

Aiming: Magic Dart
Press: ? - help, Shift-Dir - straight line, f/p - Natasha
Aim: Natasha (moderately wounded)
The magic dart hits Natasha.
Natasha is moderately wounded.
Natasha claws you.
Your crimson imp blinks!
Casting: Magic Dart
Confirm with . or Enter, or press ? or * to list all spells.
A beastly little devil appears in a puff of flame.
Natasha claws you.
* * * LOW HITPOINT WARNING * * *
Natasha zaps a wand.
Some rock shatters into small pieces.
It is a wand of digging.
Your crimson imp barely misses Natasha.
Your crimson imp misses Natasha.
Natasha mumbles some strange words.
Natasha's front paws start to glow.
Natasha casts a spell at you. The magic dart hits you!
You die...

#.##....<..##!##.#
#.##.......# ..
#..........# ...
###.###.#### .#
#.##.# # #.#.#
#..# #
####.###....
#..@........
#..#.##.....
#h##.# .... #5##.#
... #.##5# .#
#.##.. . #.....
####..


You could see Natasha and 2 friendly crimson imps.

Vanquished Creatures
  A leopard gecko (D:1)
  2 bats (D:1)
  A giant cockroach (D:1)
  2 hobgoblins (D:1)
  A kobold (D:1)
  2 frilled lizards (D:1)
  2 rats
11 creatures vanquished.

Notes
Turn   | Place    | Note
-------+----------+-------------------------------------------
     0 | D:1      | McKennaii the High Elf Wizard began the quest for the Orb.
     0 | D:1      | Reached XP level 1. HP: 11/11 MP: 6/6
   305 | D:1      | Reached skill level 4 in Spellcasting
   341 | D:1      | Reached XP level 2. HP: 17/17 MP: 0/8
   345 | D:1      | Learned a level 2 spell: Call Imp
   348 | D:1      | Learned a level 2 spell: Slow
   351 | D:1      | Learned a level 2 spell: Blink
   615 | D:2      | Noticed Natasha
   626 | D:2      | Killed from afar by Natasha

Skill      XL: |  1 |
---------------+----+-----
Spellcasting   | 4 |  4.2
Dodging        | |  2.2
Stealth        | |  2.3
Conjurations   | |  1.1
Summonings     | |  0.8
Translocations | |  1.1

Action                   || total
-------------------------++-------
 Cast: Magic Dart        ||    29
       Call Imp          ||     2
Armor: Robe              ||     2
Dodge: Dodged            ||     2
